 Dungeon Crawl Stone Soup version 0.30-a0-1094-g860fb061e7 (webtiles) character file.

Game seed: 10099066850389919960

13759 microfolk the Skirmisher (level 12, -4/115 HPs)
             Began as a Kobold Berserker on Apr 17, 2023.
             Was an Elder of Trog.
             Slain by a fire elemental (10 damage)
             ... led by Azrael
             ... on level 1 of the Orcish Mines.
             The game lasted 00:58:44 (14905 turns).

microfolk the Skirmisher (Kobold Berserker)        Turns: 14905, Time: 00:58:45

Health: -4/115     AC: 29    Str: 22    XL:     12   Next: 36%
Magic:  12/12      EV: 11    Int:  8    God:    Trog [****..]
Gold:   754        SH:  5    Dex: 14    Spells: 11/11 levels left

rFire   . . .      SeeInvis .    a - +5 short sword "Ykkoosk" {protect, Str+2}
rCold   . . .      Faith    .    (no shield)
rNeg    + . .      Spirit   .    K - +0 plate armour
rPois   .          Reflect  +    N - +0 helmet
rElec   .          Rampage  .    (no cloak)
rCorr   .                        f - +0 pair of gloves
Will    .....                    q - +1 pair of boots Stlth
                                 k - amulet of reflection
HPRegen 0.39/turn                x - +4 ring of protection
MPRegen 0.13/turn                L - ring of positive energy

@: berserking, under a protective aura, very quick
A: small, no large weapons, nightstalker 3
a: Renounce Religion, Berserk, Trog's Hand, Brothers in Arms


You were on level 1 of the Orcish Mines.
You worshipped Trog.
Trog was greatly pleased with you.
You visited 2 branches of the dungeon, and saw 13 of its levels.
You also visited: Sewer.

You collected 754 gold pieces.

Inventory:

Hand Weapons
 a - the +5 short sword "Ykkoosk" (weapon) {protect, Str+2}
   (You took it off an orc wizard on level 8 of the Dungeon)

   Str:       It affects your strength (+2).
 b - a +1 arbalest
 R - a +3 short sword of electrocution
 X - a +1 sling of flaming
Missiles
 w - 7 throwing nets
 y - 4 curare-tipped darts
 D - 10 poisoned darts (quivered)
Armour
 f - a +0 pair of gloves (worn)
 q - a +1 pair of boots (worn)
 K - a +0 plate armour (worn)
 N - a +0 helmet (worn)
 O - +0 acid dragon scales
 S - the +6 scale mail of the Cicada {rPois rC+ Will+}
   (You found it on level 8 of the Dungeon)

   rC:        It protects you from cold.
   rPois:     It protects you from poison.
   Will:      It increases your willpower.
 U - +0 steam dragon scales
 V - the +3 buckler "Optiasche" {Rampage Drain rPois}
   (You found it on level 9 of the Dungeon)

   rPois:     It protects you from poison.
   Drain:     It drains your maximum health when unequipped.
   Rampage:   It bestows one free step when moving towards enemies.
Jewellery
 c - an amulet of guardian spirit
 k - an amulet of reflection (around neck)
 x - a +4 ring of protection (left hand)
 L - a ring of positive energy (right hand)
Wands
 g - a wand of digging (5)
 n - a wand of polymorph (10)
 H - a wand of roots (7)
Scrolls
 e - 5 scrolls of teleportation
 h - 3 scrolls of immolation {unknown}
 i - a scroll of identify {@r1}
 o - a scroll of fog {unknown}
 r - a scroll of poison {unknown}
 t - 2 scrolls of noise
 F - a scroll of acquirement {unknown}
 G - 3 scrolls of blinking
 J - a scroll of brand weapon {unknown}
 M - a scroll of enchant weapon
 Q - a scroll of enchant armour {unknown}
Potions
 m - 6 potions of curing {@q1}
 p - 2 potions of lignification
 s - a potion of brilliance
 u - a potion of magic
 v - a potion of attraction
 z - 3 potions of might
 A - 2 potions of ambrosia
 B - 2 potions of mutation
 C - 2 potions of haste
 E - 7 potions of heal wounds {@q2}
Miscellaneous
 d - a condenser vane (inert)
 T - a phantom mirror
 W - a phial of floods (inert)


   Skills:
 + Level 10.2 Fighting
 - Level 10.0 Short Blades
 * Level 11.0 Ranged Weapons
 + Level 8.0 Armour
 - Level 6.3 Dodging
 - Level 10.0 Stealth
 + Level 4.6 Evocations


You had 11 spell levels left.
You didn't know any spells.
Your spell library was empty.

Dungeon Overview and Level Annotations

Branches:
Dungeon (11/15)            Temple (0/1) D:6             Orc (2/2) D:9
  Sewer (visited)
   Lair: D:8-11         Elf: Orc:2

Altars:
Ashenzari
Cheibriados
Dithmenos
Fedhas
Kikubaaqudgha
Okawaru
Sif Muna
Uskayaw
Xom
Yredelemnul
Zin

Annotations:
D:4 exclusion: 2 downstairs
D:7 exclusion: downstairs
D:8 stay positive :)
D:9 exclusion: downstairs
D:10 exclusion: downstairs
D:11 exclusion: electric eel


Innate Abilities, Weirdness & Mutations

You are small and have problems with some larger weapons.
You are completely attuned to the shadows.


Message History

The fire elemental hits you. The fire elemental burns you!
You block the orc's attack.
The ogre hits you with a +0 giant spiked club.
The fire elemental hits you.
There is a stone staircase leading up here.
The orc misses you. The fire elemental hits you.
The ogre hits you with a +0 giant spiked club!!
* * * LOW HITPOINT WARNING * * *
You hear a bark!
You climb upwards.
There is a stone staircase leading down here.
The orc closely misses you. The fire elemental hits you.
The fire elemental burns you!
* * * LOW HITPOINT WARNING * * *
Things that are here:
a +0 falchion; a +0 giant spiked club A red film seems to cover your vision as you go berserk!
You feel yourself moving faster!
You feel mighty!
Your skin stops crawling.
You feel less strong-willed. The orc barely misses you.
The fire elemental hits you. The fire elemental burns you!
* * * LOW HITPOINT WARNING * * *
You miss the fire elemental. The ogre barely misses you.
The orc hits you but does no damage.
You completely miss the fire elemental. The fire elemental hits you.
The fire elemental burns you!
* * * LOW HITPOINT WARNING * * *
You closely miss the fire elemental.
You are too berserk!
You puncture the fire elemental!
Your weapon exudes an aura of protection.
The fire elemental is moderately damaged.
The fire elemental closely misses you. The orc hits you but does no damage.
You closely miss the fire elemental.
The fire elemental is moderately damaged.
The ogre closely misses you.
You puncture the fire elemental! You punch the fire elemental.
The fire elemental is almost destroyed.
The fire elemental hits you. The fire elemental burns you!
You die...

##.##.##.#####
#.........##.##
##.......##...##
##.........#...#
##..............#
#..............##
##........°...####
#.......)OE)..#.##
###.#....[o@......####
##.....##^..........#.##
##.......#..[[......#...#
#....#....)............##
##....#).......#.##.....#
###..#).......#.#.#....##
#..........#..........#
##.#.......#.........##
##.............##.###


You could see a fire elemental, an ogre and an orc.

Vanquished Creatures
  Snorg (D:9)
  A catoblepas (D:8)
  A boulder beetle (D:11)
  2 two-headed ogres
  2 cyclopes (D:8)
  An unseen horror (D:11)
  A tengu conjurer (D:7)
  A troll (D:9)
  A slime creature (D:8)
  8 yaks
  2 wyverns
  Grum (D:8)
  A steam dragon (D:8)
  2 vampire mosquitoes
  An acid dragon (D:7)
  2 water moccasins (D:6)
  12 orc warriors
  2 sky beasts (D:6)
  5 ice beasts
  2 black bears
  5 centaurs
  3 ogres
  3 wolves
  2 phantoms
  5 kobold brigands
  Blork the orc (D:6)
  5 bullfrogs
  5 gnoll sergeants
  A scorpion (D:5)
  15 wights
  4 killer bees
  A howler monkey (D:4)
  An electric eel (D:10)
  11 hounds
  3 jellies
  2 gnoll boudas (D:10)
  4 orc priests
  Jessica (D:3)
  Ijyb (D:2)
  5 iguanas
  13 orc wizards
  Natasha (twice) (D:3)
  10 adders
  31 gnolls
  3 river rats (Sewer)
  A shadow imp (D:8)
  An ufetubus (D:4)
  8 worms
  4 dart slugs
  35 orcs
  7 ball pythons
  10 bats
  13 endoplasms
  12 giant cockroaches
  11 hobgoblins
  6 jackals
  A quokka (D:1)
  2 frilled lizards
  11 goblins
  14 kobolds
  8 rats
330 creatures vanquished.

Notes
Turn   | Place    | Note
-------+----------+-------------------------------------------
     0 | D:1      | microfolk the Kobold Berserker began the quest for the Orb.
     0 | D:1      | Reached XP level 1. HP: 14/14 MP: 1/1
   356 | D:1      | Reached XP level 2. HP: 18/19 MP: 2/2
   511 | D:1      | Reached skill level 1 in Stealth
   726 | D:1      | Reached XP level 3. HP: 22/23 MP: 3/3
  1235 | D:2      | Reached XP level 4. HP: 26/29 MP: 2/4
  1244 | D:2      | Reached ** piety under Trog
  1245 | D:2      | Reached skill level 5 in Short Blades
  1252 | D:2      | Noticed Ijyb
  1265 | D:2      | Killed Ijyb
  1677 | D:2      | Reached XP level 5. HP: 11/33 MP: 2/5
  2228 | D:3      | Found a shimmering altar of Xom.
  2414 | D:3      | Found a glowing silver altar of Zin.
  2414 | D:3      | Noticed an angel
  2739 | D:3      | Found a snail-covered altar of Cheibriados.
  2764 | D:3      | Found a shadowy altar of Dithmenos.
  2861 | D:3      | Noticed Natasha
  2869 | D:3      | Killed Natasha
  3059 | D:3      | Noticed Natasha
  3089 | D:3      | Killed Natasha
  3090 | D:3      | Reached XP level 6. HP: 38/38 MP: 6/6
  3155 | D:3      | Noticed a black bear
  3164 | D:3      | Killed a black bear
  3217 | D:3      | Found a shimmering blue altar of Sif Muna.
  3242 | D:3      | Noticed Jessica
  3262 | D:3      | Killed Jessica
  3293 | D:3      | Found a broken altar of Ashenzari.
  3563 | D:4      | Found a glowing drain.
  3593 | Sewer    | Entered a sewer
  3666 | Sewer    | Reached XP level 7. HP: 44/44 MP: 7/7
  3766 | Sewer    | Reached *** piety under Trog
  4218 | Sewer    | Reached skill level 5 in Fighting
  5530 | D:5      | Entered Level 5 of the Dungeon
  5589 | D:4      | Reached skill level 5 in Dodging
  5589 | D:4      | Reached skill level 5 in Stealth
  5589 | D:4      | Reached XP level 8. HP: 44/49 MP: 8/8
  5858 | D:5      | Identified the +1 leather armour "Nurot Siyp" {rCorr}
  5873 | D:5      | Reached skill level 1 in Ranged Weapons
  5995 | D:5      | Reached skill level 2 in Ranged Weapons
  6520 | D:6      | Noticed Blork the orc
  6547 | D:6      | Killed Blork the orc
  6597 | D:6      | Found a staircase to the Ecumenical Temple.
  6710 | D:6      | Reached skill level 3 in Ranged Weapons
  6710 | D:6      | Reached XP level 9. HP: 51/55 MP: 9/9
  6983 | D:6      | Found a blossoming altar of Fedhas.
  7222 | D:6      | Reached **** piety under Trog
  7421 | D:5      | Reached skill level 10 in Short Blades
  7421 | D:5      | Reached skill level 4 in Ranged Weapons
  8192 | D:7      | Reached skill level 5 in Ranged Weapons
  8205 | D:7      | Found a basalt altar of Yredelemnul.
  8448 | D:7      | Found a hide-covered altar of Uskayaw.
  8514 | D:8      | Noticed Grum
  8527 | D:7      | Reached XP level 10. HP: 61/63 MP: 10/10
  8749 | D:8      | Killed Grum
  8760 | D:8      | Reached skill level 6 in Ranged Weapons
  8910 | D:8      | Found an ancient bone altar of Kikubaaqudgha.
  9006 | D:8      | Found a snail-covered altar of Cheibriados.
  9123 | D:8      | Identified the +10 mace of Cheese {flame, rElec rPois rF-
                  | SInv}
  9203 | D:8      | Noticed a catoblepas
  9334 | D:8      | Reached skill level 5 in Armour
  9514 | D:8      | Reached skill level 7 in Ranged Weapons
  9567 | D:8      | Noticed a cyclops
  9661 | D:8      | Noticed a two-headed ogre
  9666 | D:8      | Killed a catoblepas
  9667 | D:8      | Reached XP level 11. HP: 69/69 MP: 11/11
  9829 | D:7      | Reached skill level 10 in Stealth
  9843 | D:7      | HP: 3/69 [tengu conjurer (1)]
  9932 | D:8      | Killed a two-headed ogre
  9933 | D:8      | Reached skill level 8 in Ranged Weapons
 10041 | D:8      | Noticed a cyclops
 10073 | D:8      | Identified the +5 short sword "Ykkoosk" {protect, Str+2}
 10188 | D:8      | Killed a cyclops
 10250 | D:8      | Identified the +6 scale mail of the Cicada {rPois rC+
                  | Will+}
 10480 | D:8      | Killed a cyclops
 10704 | D:9      | Identified the +2 leather armour "Jaurebe" {+Blink rC+
                  | Regen+ Int-2}
 11163 | D:9      | Found an iron altar of Okawaru.
 11530 | D:9      | Found a staircase to the Orcish Mines.
 11534 | D:9      | Identified the +3 buckler "Optiasche" {Rampage Drain rPois}
 11563 | D:9      | Reached skill level 1 in Evocations
 12039 | D:10     | Entered Level 10 of the Dungeon
 12100 | D:10     | Noticed a two-headed ogre
 12225 | D:9      | Reached skill level 9 in Ranged Weapons
 12459 | D:10     | Killed a two-headed ogre
 13302 | D:10     | Reached XP level 12. HP: 77/77 MP: 12/12
 13847 | D:11     | Noticed a boulder beetle
 13971 | D:11     | Killed a boulder beetle
 13972 | D:11     | Reached skill level 10 in Ranged Weapons
 14323 | D:11     | Reached skill level 10 in Fighting
 14386 | Orc:1    | Entered Level 1 of the Orcish Mines
 14480 | Orc:1    | Noticed Snorg
 14572 | D:9      | Killed Snorg
 14774 | Orc:2    | Entered Level 2 of the Orcish Mines
 14836 | Orc:1    | Reached skill level 11 in Ranged Weapons
 14901 | Orc:1    | HP: 5/115 [fire elemental[Azrael] (7)]
 14905 | Orc:1    | Slain by a fire elemental

Illustrated notes

Levels and vault maps discovered:
D:1:      dpeg_arrival_circle_labyrinth_b, layout_basic, serial_glass,
          glass_columns_a, glass_columns_a, chequers_serial_rivers_room_b
D:2:      kennysheep_the_goblin_king, layout_loops_ring
D:3:      layout_basic, xom_confusion_cloud, mainiacjoe_overflow_chevrons,
          zin_angel, lemuel_crystal_altar, nicolae_sif_muna_condensation,
          marbit_many_paths, minmay_crystal_water, hangedman_feature_mirror,
          uniq_natasha, uniq_jessica
D:4:      layout_loops_corners, portal_sewer_entry_a
D:5:      layout_rooms
D:6:      layout_layer_cave, fedhas_altar_3, minmay_temple_entry_crystal_x,
          minmay_pentangle, uniq_blork_the_orc
D:7:      layout_rooms, mainiacjoe_overflow_concentric_impassable,
          nicolae_uskayaw_dance_hall, kennysheep_dice
D:8:      minmay_the_grid_octo_triangle [minmay_the_grid_octo_vomiting_pacman,
          minmay_the_grid_octo_prize_big_c, minmay_the_grid_octo_checkerflower],
          layout_basic, uniq_grum
D:9:      layout_basic, okawaru_trees_2, david_orc_3
D:10:     layout_cave_pools, serial_gnoll_camp, gnoll_camp_mini_doghouse,
          gnoll_camp_mini_hut, gnoll_camp_huts_moat, gnoll_camp_mini_doghouse
D:11:     kennysheep_seaside_town, layout_loops_corners, erik_lair_island,
          nicolae_looking_at_the_future
Orc:1:    layout_caves, uniq_snorg
Orc:2:    st_orc_open, layout_diamond_mine, portal_ice_cave_entry_imps,
          basic_altar, uniq_azrael

Skill      XL: |  1  2  3  4  5  6  7  8  9 10 11 12 |
---------------+-------------------------------------+-----
Stealth        | 1 2 3 4 5 6 7 9 10 | 10.0
Dodging        | 3 4 5 6 |  6.3
Short Blades   | 5 6 8 9 10 | 10.0
Fighting       | 4 5 7 8 9 10 | 10.2
Ranged Weapons | 3 5 7 9 11 | 11.0
Armour         | 3 6 7 8 |  8.0
Evocations     | 3 4 |  4.6

Action                     |  1- 3 |  4- 6 |  7- 9 | 10-12 || total
---------------------------+-------+-------+-------+-------++-------
  Melee: Short sword       |   111 |   173 |   434 |   950 ||  1668
         Punch             |     1 |     3 |     5 |    18 ||    27
   Fire: Sling             |       |       |     6 |     6 ||    12
         Arbalest          |       |       |       |    53 ||    53
  Throw: Stone             |     5 |       |     3 |       ||     8
         Dart              |       |       |    17 |     7 ||    24
 Invoke: Berserk           |       |     3 |     5 |    11 ||    19
         Trog's Hand       |       |       |       |    10 ||    10
         Brothers in Arms  |       |       |       |     1 ||     1
  Evoke: Wand              |       |       |       |     2 ||     2
         Phial of floods   |       |       |       |     1 ||     1
         Condenser vane    |       |       |       |     1 ||     1
    Use: Scroll            |       |     2 |     9 |     5 ||    16
         Potion            |       |       |       |     1 ||     1
   Stab: Sleeping          |     4 |       |       |       ||     4
 Armour: Animal skin       |    14 |       |       |       ||    14
         Chain mail        |    13 |    40 |    64 |       ||   117
         Plate armour      |       |       |    42 |   306 ||   348
  Dodge: Dodged            |    55 |    60 |   102 |   281 ||   498
  Block: Other             |       |    11 |    52 |   137 ||   200
         Reflection        |       |     1 |     3 |    10 ||    14

Table legend: (Time is in decaauts)
 A = Elapsed time spent in this place.
 B = Non-inter-level travel time spent in this place.
 C = Inter-level travel time spent in this place.
 D = Time resting spent in this place.
 E = Time spent auto-exploring this place.
 F = Levels seen in this place.
 G = Mean time per level.
                   A        B        C        D        E       F      G
               +--------+--------+--------+--------+--------+-----+--------+
         Total |  14627 |  13215 |   1412 |   1809 |   7881 |  14 | 1044.8 |
       Dungeon |  13223 |  11822 |   1401 |   1687 |   7068 |  11 | 1202.1 |
  Orcish Mines |    292 |    281 |     11 |     42 |     83 |   2 |  146.0 |
         Sewer |   1111 |   1111 |      0 |     80 |    729 |   1 | 1111.0 |
               +--------+--------+--------+--------+--------+-----+--------+

Top non-repeatable levels by time:
     D:9: 1886 daAuts
     D:8: 1673 daAuts
     D:3: 1387 daAuts
     D:7: 1285 daAuts
    D:10: 1274 daAuts
     D:2: 1184 daAuts
     D:4: 1115 daAuts
   Sewer: 1111 daAuts
     D:6: 1100 daAuts
     D:1: 975 daAuts
     D:5: 914 daAuts
    D:11: 426 daAuts
   Orc:1: 238 daAuts
   Orc:2: 53 daAuts
